 Dungeon Crawl Stone Soup version 0.32-a0-931-g5a2cda0 (webtiles) character file.

Game seed: 14068430142279657842

2410 kiwi77 the Skirmisher (level 9, -20/72 HPs)
             Began as a Demigod Hunter on Apr 13, 2024.
             Killed from afar by Erica (27 damage)
             ... with a bolt of poison
             ... on level 8 of the Dungeon.
             The game lasted 00:45:48 (8060 turns).

kiwi77 the Skirmisher (Demigod Hunter)              Turns: 8060, Time: 00:45:50

Health: -20/72     AC: 13    Str: 12    XL:     9   Next: 3%
Magic:  0/20       EV:  4    Int: 11    God:
Gold:   435        SH:  0    Dex: 32    Spells: 8/8 levels left

rFire   . . .        a - +1 shortbow
rCold   . . .        (shield currently unavailable)
rNeg    . . .        c - +1 leather armour
rPois   .            (helmet restricted)
rElec   .            A - +2 cloak {Stlth+}
rCorr   .            r - +2 pair of gloves {Dex+3}
SInv    .            B - +2 pair of boots
Will    .....        w - amulet of guardian spirit
Stlth   +++          e - ring of magical power
HPRegen 0.32/turn    (no ring)
MPRegen 0.17/turn

%: guardian spirit
@: lethally poisoned (-20 -> -38), hasted and slowed, constricted
A: high MP 1, forlorn, divine attributes, horns 1, talons 1, teleportitis 1
a: no special abilities


You were on level 8 of the Dungeon.
You visited 1 branch of the dungeon, and saw 8 of its levels.

You collected 501 gold pieces.
You spent 66 gold pieces at shops.

Inventory:

Hand Weapons
 a - a +1 shortbow (weapon)
 d - a +0 dagger
 f - a +0 spear
 h - a +3 dagger of pain
 o - a +2 dagger of flaming
Armour
 c - a +1 leather armour (worn)
 p - a +0 helmet
 r - a +2 pair of gloves of dexterity (worn)
 A - a +2 cloak of stealth (worn)
 B - a +2 pair of boots (worn)
Jewellery
 e - a ring of magical power (left hand)
 g - a ring of fire
 w - an amulet of guardian spirit (around neck)
Talismans
 t - a blade talisman
 C - a maw talisman
Wands
 n - a wand of charming (9)
 x - a wand of polymorph (10)
Scrolls
 b - a scroll of butterflies
 k - 2 scrolls of vulnerability
 l - 3 scrolls of fog
 m - 5 scrolls of teleportation
 s - 2 scrolls of identify
 u - a scroll of summoning
 y - 2 scrolls of immolation
Potions
 i - 2 potions of curing
 j - 2 potions of magic
 v - a potion of brilliance
 z - a potion of attraction


   Skills:
 * Level 4.6 Fighting
 + Level 10.6 Ranged Weapons
 - Level 0.1 Armour
 * Level 3.5 Dodging
 - Level 0.8 Stealth
 - Level 1.1 Evocations


You had 8 spell levels left.
You didn't know any spells.
Your spell library contained the following spells:

 Spells                   Type           Power      Damage    Failure   Level
 Call Imp                 Summ           0%         N/A       56%         2
 Jinxbite                 Hex            0%         N/A       56%         2
 Sublimation of Blood     Necr           0%         N/A       56%         2
 Inner Flame              Hex/Fire       0%         N/A       80%         3
 Irradiate                Conj/Alch      0%         3d11      100%        5
 Summon Hydra             Summ           0%         N/A       100%        7
 Ignition                 Fire           0%         3d3       100%        8


Dungeon Overview and Level Annotations

Branches:
Dungeon (8/15)             Temple (0/1) D:4
   Lair: D:8-11

Shops:
D:4 ?   D:6 ?   D:7 ?

Annotations:
D:3 3 runed translucent doors, ozjimbob's ghost, amateur DgFE
D:5 Pikel
D:8 Erica


Innate Abilities, Weirdness & Mutations

You have an increased reservoir of magic. (+10% MP)
You shall have no god before yourself.
Your divine heritage dramatically boosts your attributes as you level up.
You have a pair of small horns on your head.
You have sharp toenails.
You are occasionally teleported next to monsters.


Message History

You are poisoned.
Erica constricts you.
Fire: a) +1 shortbow
Press: ? - help, Q - select action, (/) - cycle Shift-Dir - straight line, f/p - Erica
Aim: Erica, wielding a +1 scimitar of flaming, wearing a ring of willpower and carrying a wand of charming (heavily wounded, constricting you, 67% to hit)
You shoot an arrow. The arrow misses Erica.
You feel extremely sick. Erica casts a spell at you.
The bolt of poison hits you!
You are more poisoned.
Erica constricts you.
You feel yourself speed up.
You feel extremely sick.
Erica zaps a wand.
Your will is overpowered!
You are confused.
Erica constricts you. Erica completely misses you. Erica constricts you.
You feel better.
Erica hits you with a +1 scimitar of flaming.
Erica burns you. Erica constricts you.
You shoot an arrow. The arrow closely misses Erica.
Erica hits you with a +1 scimitar of flaming.
Erica burns you.
* * * LOW HITPOINT WARNING * * *
Erica constricts you.
* * * LOW HITPOINT WARNING * * *
You shoot an arrow. The arrow hits Erica!
Erica is severely wounded.
Erica hits you with a +1 scimitar of flaming!
* * * LOW HITPOINT WARNING * * *
Erica burns you.
* * * LOW HITPOINT WARNING * * *
Erica constricts you.
* * * LOW HITPOINT WARNING * * *
You shoot an arrow. The arrow hits Erica.
Erica is severely wounded.
Erica casts a spell at you. The bolt of poison hits you!!
You are lethally poisoned!
You die...
Erica begins burbling mirthfully and uncontrollably.

.........)...###....###.
#####...................
#......+....!.....#.
#......#...##.####..
#......#...##'####..
#...............##..
#...................
#..x......######....
#..@.....## #....
###........# #ß+ß.
##..........# ##.#.
#..###..[...# ..#.
######...##......# ..#.
#......#.##......# #.#.
#...............)#
#.#######........##
#....#............######.xK


You could see Erica.

Vanquished Creatures
  Grinder (D:5)
  Grum (D:8)
  A wyvern (D:7)
  An orc warrior (D:7)
  3 ice beasts
  A black bear (D:6)
  An ogre (D:6)
  2 wolves (D:8)
  3 phantoms
  A kobold brigand (D:7)
  2 bullfrogs
  A howler monkey (D:7)
  A jelly (D:7)
  2 hounds
  4 iguanas
  A sleepcap (D:6)
  5 orc priests
  Jessica (D:3)
  4 orc wizards
  4 gnolls (D:3)
  9 adders
  A shadow imp (D:5)
  2 white imps
  2 ufetubi (D:6)
  3 dart slugs
  4 ribbon worms
  26 orcs
  3 ball pythons
  10 endoplasms
  6 giant cockroaches
  11 goblins
  4 hobgoblins
  6 jackals
  12 kobolds
  2 quokkas (D:3)
  2 bats
  4 frilled lizards
  7 rats
154 creatures vanquished.

Vanquished Creatures (collateral kills)
  An endoplasm (D:1)
1 creature vanquished.

Grand Total: 155 creatures vanquished

Notes
Turn   | Place    | Note
-------+----------+-------------------------------------------
     0 | D:1      | kiwi77 the Demigod Hunter began the quest for the Orb.
     0 | D:1      | Reached XP level 1. HP: 17/17 MP: 3/3
   214 | D:1      | Reached skill level 4 in Ranged Weapons
   254 | D:1      | Reached XP level 2. HP: 24/24 MP: 4/4
   771 | D:2      | Reached XP level 3. HP: 21/29 MP: 5/5
  1386 | D:2      | Reached skill level 5 in Ranged Weapons
  1386 | D:2      | Reached XP level 4. HP: 35/36 MP: 6/6
  1693 | D:2      | Gained mutation: You have a pair of small horns on your
                  | head. [potion of mutation]
  1693 | D:2      | Gained mutation: You have sharp toenails. [potion of
                  | mutation]
  1693 | D:2      | Gained mutation: You are occasionally teleported next to
                  | monsters. [potion of mutation]
  2218 | D:3      | Noticed Jessica
  2253 | D:3      | Reached XP level 5. HP: 20/41 MP: 7/7
  2308 | D:3      | Killed Jessica
  2309 | D:3      | Reached skill level 6 in Ranged Weapons
  2721 | D:3      | Got Jessica's Enchiridion on Omens
  2870 | D:3      | Found a runed translucent gate.
  2872 | D:3      | Found a runed translucent gate.
  2874 | D:3      | Found a runed translucent gate.
  2876 | D:3      | Noticed ozjimbob's ghost (amateur DgFE)
  3473 | D:4      | Found Qitungeg's Magic Scroll Boutique.
  3486 | D:4      | Reached XP level 6. HP: 42/48 MP: 8/8
  3751 | D:4      | Bought a scroll of teleportation for 33 gold pieces
  3751 | D:4      | Bought a scroll of teleportation for 33 gold pieces
  3770 | D:4      | Found a staircase to the Ecumenical Temple.
  3775 | D:4      | Reached skill level 7 in Ranged Weapons
  4071 | D:5      | Entered Level 5 of the Dungeon
  4518 | D:5      | Reached skill level 8 in Ranged Weapons
  4634 | D:5      | Reached XP level 7. HP: 46/53 MP: 9/9
  4737 | D:5      | Noticed Pikel
  4963 | D:5      | Noticed Grinder
  5016 | D:5      | Killed Grinder
  5408 | D:6      | Reached skill level 9 in Ranged Weapons
  5408 | D:6      | Reached skill level 1 in Evocations
  5714 | D:6      | Found Kufump's Magic Scroll Shop.
  6142 | D:6      | Reached XP level 8. HP: 61/62 MP: 10/10
  6820 | D:7      | Reached skill level 10 in Ranged Weapons
  7031 | D:7      | Found Moizer's Magic Scroll Emporium.
  7726 | D:8      | Noticed Grum
  7915 | D:8      | Killed Grum
  7916 | D:8      | Reached XP level 9. HP: 61/72 MP: 11/11
  8027 | D:8      | Noticed Erica
  8060 | D:8      | Killed from afar by Erica

Illustrated notes

Levels and vault maps discovered:
D:1:      psy_arrival_conway, layout_basic
D:2:      layout_basic
D:3:      layout_basic, overflow_temple_1_default, gammafunk_ghost_necromancy,
          kennysheep_jessica_study
D:4:      layout_basic, minmay_temple_entry_enclosed_plants, serial_shops,
          nicolae_shop_statue_plus, nicolae_underground_beach
D:5:      layout_basic, st_stairs_3, nicolae_hexahallways, uniq_grinder,
          uniq_pikel
D:6:      nicolae_BIG_FREAKIN_CUBE, layout_basic, grunt_dithmenos_shadows,
          serial_shops, nicolae_shop_rolling_square,
          minmay_misc_feat_secret_circle
D:7:      layout_cave_pods, grunt_temple_overflow_open, lemuel_doored_altar,
          nicolae_overflow_squiral, serial_shops,
          nicolae_shop_temple_entry_statues_fountains,
          minmay_misc_feat_nine_boxes
D:8:      layout_basic, kennysheep_slug_shrine,
          mainiacjoe_overflow_small_starburst, jmf_multi_god_temple2,
          mainiacjoe_overflow_alcove_1, erik_lair_orcish_takeover, fountainhead,
          hangedman_abyss_or_decor_stagger, chequers_big_river, uniq_grum,
          uniq_prince_ribbit1, uniq_erica

Skill      XL: |  1  2  3  4  5  6  7  8 |
---------------+-------------------------+-----
Ranged Weapons | 4 5 6 8 9 10 | 10.6
Evocations     | 1 |  1.1
Fighting       | 2 4 |  4.6
Dodging        | 2 3 |  3.5
Armour         | |  0.1
Stealth        | |  0.8

Action                     |  1- 3 |  4- 6 |  7- 9 || total
---------------------------+-------+-------+-------++-------
  Melee: Dagger            |    36 |       |       ||    36
   Fire: Shortbow          |   122 |   255 |   219 ||   596
  Evoke: Wand              |       |       |    15 ||    15
    Use: Potion            |     3 |     3 |     2 ||     8
         Scroll            |     1 |     7 |     9 ||    17
 Armour: Leather armour    |    63 |    69 |   124 ||   256
  Dodge: Dodged            |    53 |    80 |   112 ||   245

Table legend: (Time is in decaauts)
 A = Elapsed time spent in this place.
 B = Non-inter-level travel time spent in this place.
 C = Inter-level travel time spent in this place.
 D = Time resting spent in this place.
 E = Time spent auto-exploring this place.
 F = Levels seen in this place.
 G = Mean time per level.
                   A        B        C        D        E       F      G
               +--------+--------+--------+--------+--------+-----+--------+
         Total |   8116 |   8055 |     61 |   1098 |   4803 |   8 | 1014.5 |
       Dungeon |   8116 |   8055 |     61 |   1098 |   4803 |   8 | 1014.5 |
               +--------+--------+--------+--------+--------+-----+--------+

Top non-repeatable levels by time:
     D:7: 1308 daAuts
     D:2: 1254 daAuts
     D:5: 1180 daAuts
     D:3: 1070 daAuts
     D:6: 1046 daAuts
     D:4: 968 daAuts
     D:1: 832 daAuts
     D:8: 455 daAuts
